 Dungeon Crawl Stone Soup version 0.31-a0-1469-gd420192249 (webtiles) character file.

Game seed: 5766208548668785700

2486 BigPumpCobain the Grappler (level 9, -1/62 HPs)
             Began as an Octopode Shapeshifter on Dec 28, 2023.
             Slain by a troll (15 damage)
             ... on level 6 of the Dungeon.
             The game lasted 00:06:36 (4500 turns).

BigPumpCobain the Grappler (Octopode Shapeshifter)  Turns: 4500, Time: 00:06:37

Health: -1/62      AC:  1    Str: 29    XL:     9   Next: 52%
Magic:  9/9        EV: 13    Int: 12    God:
Gold:   290        SH:  0    Dex: 12    Spells: 8/8 levels left

rFire   . .          .
                       - Unarmed
rCold   . . .        (no shield)
rNeg    . . .        (helmet currently unavailable)
rPois   +            (no amulet)
rElec   .            m - +6 ring of strength
rCorr   .            l - ring of wizardry
SInv    .            r - +6 ring of strength
Will    .....        d - ring of poison resistance
Stlth   ++           (no ring)
HPRegen 0.30/turn    (no ring)
MPRegen 0.11/turn    (no ring)
                     (no ring)

%: wizardry (x1)
@: lethally poisoned (-1 -> -7), beast-form
A: beast (slay +3), almost no armour, amphibious, 8 rings, camouflage 1,
gelatinous body 1, (nimble swimmer 1), tentacles
a: Begin Untransformation


You were on level 6 of the Dungeon.
You were a hulking beast.
You visited 2 branches of the dungeon, and saw 7 of its levels.
You also visited: Ossuary.

You collected 290 gold pieces.

Inventory:

Jewellery
 d - a ring of poison resistance (on tentacle)
 e - a ring of ice
 l - a ring of wizardry (right tentacle)
 m - a +6 ring of strength (left tentacle)
 q - an amulet of magic regeneration
 r - a +6 ring of strength (on tentacle)
Talismans
 b - a beast talisman
 c - a flux talisman
Scrolls
 f - 3 scrolls of amnesia
 i - a scroll of poison
 k - 2 scrolls of teleportation
 t - a scroll of identify
 u - a scroll of enchant weapon {unknown}
 v - a scroll of vulnerability {unknown}
Potions
 a - 3 potions of lignification
 g - a potion of enlightenment {unknown}
 h - a potion of resistance {unknown}
 j - a potion of haste {unknown}
 n - a potion of ambrosia {unknown}
 o - 2 potions of curing {unknown}
 p - 5 potions of heal wounds {unknown}
 s - a potion of berserk rage {unknown}
 w - 2 potions of attraction {unknown}
 x - a potion of mutation {unknown}
 z - a potion of degeneration {unknown}


   Skills:
 + Level 6.3 Fighting
 - Level 2.0 Dodging
 * Level 9.4 Unarmed Combat
 + Level 6.4 Shapeshifting


You had 8 spell levels left.
You didn't know any spells.
Your spell library contained the following spells:

 Spells                   Type           Power      Damage    Failure   Level
 Apportation              Tloc           0%         N/A       13%         1
 Slow                     Hex            0%         N/A       13%         1
 Sting                    Conj/Alch      0%         1d3       13%         1
 Jinxbite                 Hex            0%         N/A       21%         2
 Mercury Vapours          Alch/Air       0%         N/A       21%         2
 Call Canine Familiar     Summ           0%         N/A       36%         3
 Confusing Touch          Hex            0%         N/A       36%         3
 Fugue of the Fallen      Necr           0%         N/A       36%         3
 Ozocubu's Armour         Ice            0%         N/A       36%         3
 Sigil of Binding         Hex            0%         N/A       36%         3
 Vampiric Draining        Necr           0%         2d6       36%         3
 Dimensional Bullseye     Hex/Tloc       0%         N/A       75%         4
 Manifold Assault         Tloc           0%         N/A       75%         4
 Olgreb's Toxic Radiance  Alch           0%         N/A       75%         4
 Alistair's Intoxication  Alch           0%         N/A       97%         5


Dungeon Overview and Level Annotations

Branches:
Dungeon (6/15)             Temple (1/1) D:5         Ossuary (visited)

Altars:
Cheibriados
Dithmenos
Elyvilon
Fedhas
Hepliaklqana
Makhleb
Nemelex Xobeh
Sif Muna
Trog
Vehumet
Wu Jian
Xom
Yredelemnul
The Shining One


Innate Abilities, Weirdness & Mutations

You are a hulking beast.
Your limbs bulge with bestial killing power. (Slay +3)
You cannot wear most types of armour.
You are amphibious.
You can wear up to eight rings at the same time.
Your skin changes colour to match your surroundings (Stealth+).
Your rubbery body absorbs attacks. (AC +1, EV +1)
((You are camouflaged when in or above water. (Stealth+)))
You have tentacles for arms and can constrict up to eight enemies at once.


Message History

There is an open door here.
A troll comes into view.
The troll shouts!
An adder comes into view.
There are monsters nearby!
The adder hisses angrily.
The troll bites you!! The troll barely misses you. The troll claws you!
A scorpion comes into view.
You are too injured to fight recklessly!
You are too injured to fight recklessly!
You are too injured to fight recklessly!
You are too injured to fight recklessly!
You are too injured to fight recklessly!
You are too injured to fight recklessly!
You are too injured to fight recklessly!
You are too injured to fight recklessly!
You are too injured to fight recklessly!
You are too injured to fight recklessly!
You are too injured to fight recklessly!
You are too injured to fight recklessly!
You are too injured to fight recklessly!
You are too injured to fight recklessly!
You are too injured to fight recklessly!
You are too injured to fight recklessly!
You are too injured to fight recklessly!
You are too injured to fight recklessly!
You are too injured to fight recklessly!
You are too injured to fight recklessly!
You are too injured to fight recklessly!
You are too injured to fight recklessly!
You are too injured to fight recklessly!
You are too injured to fight recklessly!
You tentacle-slap the troll.
Your tentacle-slap misses the troll.
The troll is lightly wounded.
The adder bites you.
You are poisoned.
The adder poisons you! The troll bites you!
* * * LOW HITPOINT WARNING * * *
The troll claws you!
You die...

#...........###.##....#
#..)........(...##....#
.))).......##..###....#
...######## #..>.'....#
...# ######....# ...#
#.........# ...#
#.......### ...#
#.......# ...#
#...h...# ...#
#..ST...# ...#
#.......# ####
#.......# #.........
........#.#
#............
#.s.≈≈≈≈≈≈≈..


You could see a troll, a scorpion and an adder.

Vanquished Creatures
  Pikel (D:6)
  Prince Ribbit (D:6)
  Sigmund (D:3)
  Menkaure (D:4)
  A water moccasin (D:5)
  A sky beast (D:6)
  A black bear (D:5)
  2 ogres
  A phantom (D:5)
  A lemure (D:6)
  An elf zombie (Ossuary)
  4 scorpions
  A centaur zombie (Ossuary)
  2 jellies
  Crazy Yiuf (D:4)
  4 hounds
  A human zombie (Ossuary)
  3 iguanas (D:5)
  3 orc wizards
  2 sleepcaps (D:5)
  A scorpion simulacrum (Ossuary)
  8 adders
  3 hound simulacra (Ossuary)
  A shadow imp (D:5)
  2 white imps
  2 worms (D:3)
  A dart slug (D:4)
  2 adder simulacra (Ossuary)
  16 orcs
  5 bats
  3 endoplasms
  2 giant cockroaches (D:2)
  A gnoll zombie (Ossuary)
  9 goblins
  9 hobgoblins
  9 jackals
  7 kobolds
  5 quokkas
  7 ball pythons
  3 frilled lizards (D:3)
  A gnoll simulacrum (Ossuary)
  4 jackal simulacra (Ossuary)
  2 kobold zombies (Ossuary)
  2 orc zombies (Ossuary)
  3 rats
141 creatures vanquished.

Notes
Turn   | Place    | Note
-------+----------+-------------------------------------------
     0 | D:1      | BigPumpCobain the Octopode Shapeshifter began the quest for
                  | the Orb.
     0 | D:1      | Reached XP level 1. HP: 13/13 MP: 1/1
   215 | D:1      | Reached XP level 2. HP: 12/18 MP: 2/2
   519 | D:2      | Reached XP level 3. HP: 15/23 MP: 3/3
   638 | D:2      | Found a white marble altar of Elyvilon.
   925 | D:3      | Found a faded altar of an unknown god.
   984 | D:3      | Found a sparkling altar of Nemelex Xobeh.
  1028 | D:3      | Reached skill level 4 in Unarmed Combat
  1034 | D:3      | Reached XP level 4. HP: 28/29 MP: 4/4
  1612 | D:3      | Noticed Sigmund
  1617 | D:3      | Killed Sigmund
  1618 | D:3      | Reached skill level 5 in Unarmed Combat
  1618 | D:3      | Reached XP level 5. HP: 20/36 MP: 5/5
  1618 | D:3      | Reached XP level 6. HP: 24/42 MP: 6/6
  2108 | D:4      | Reached XP level 7. HP: 46/46 MP: 7/7
  2313 | D:4      | Noticed Menkaure
  2318 | D:4      | Killed Menkaure
  2319 | D:4      | Reached skill level 6 in Unarmed Combat
  2411 | D:4      | Found a runed translucent door.
  2412 | D:4      | Noticed Crazy Yiuf
  2677 | D:4      | Killed Crazy Yiuf
  2711 | D:5      | Entered Level 5 of the Dungeon
  2815 | D:5      | Reached XP level 8. HP: 43/54 MP: 8/8
  2890 | D:5      | Reached skill level 7 in Unarmed Combat
  2891 | D:5      | Reached skill level 5 in Shapeshifting
  3029 | D:5      | Found a sand-covered staircase.
  3137 | Ossuary  | Entered an ossuary
  3565 | D:5      | Reached skill level 5 in Fighting
  3571 | D:5      | Found a staircase to the Ecumenical Temple.
  3577 | Temple   | Entered the Ecumenical Temple
  3680 | D:5      | Reached skill level 8 in Unarmed Combat
  4120 | D:6      | Reached XP level 9. HP: 57/61 MP: 9/9
  4198 | D:6      | Noticed Pikel
  4198 | D:6      | Noticed Prince Ribbit
  4207 | D:6      | Killed Pikel
  4208 | D:6      | Reached skill level 9 in Unarmed Combat
  4216 | D:6      | Killed Prince Ribbit
  4496 | D:6      | Noticed a troll
  4500 | D:6      | Slain by a troll

Illustrated notes

Levels and vault maps discovered:
D:1:      zaba_arrival_water, layout_rooms
D:2:      layout_basic, basic_altar
D:3:      layout_loops_ring, marbit_many_paths, shapermc_ecumenical_altar_gd,
          serial_glass, glass_columns_c, glass_columns_a, glass_columns_b,
          glass_columns_b, glass_columns_b, glass_columns_a, glass_columns_c,
          glass_columns_b, corner_web_ring, kennysheep_generic_room_5,
          uniq_sigmund
D:4:      layout_gridville, uniq_crazy_yiuf_cottage, uniq_menkaure
D:5:      layout_basic, minmay_temple_entry_hall, nicolae_ossuary_entry_ruins,
          minmay_between
D:6:      layout_basic, mainiacjoe_overflow_catwalk,
          nicolae_twisty_statue_hallways, uniq_pikel, uniq_prince_ribbit1
Temple:   cyrus_circular_temple

Skill      XL: |  1  2  3  4  5  6  7  8  9 |
---------------+----------------------------+-----
Unarmed Combat | 4 5 6 8 9 |  9.4
Fighting       | 3 4 5 6 |  6.3
Shapeshifting  | 4 5 6 |  6.4
Dodging        | |  2.0

Action                     |  1- 3 |  4- 6 |  7- 9 || total
---------------------------+-------+-------+-------++-------
  Melee: Unarmed           |    76 |    53 |   143 ||   272
         Constrict         |    17 |    17 |    41 ||    75
         Tentacles         |     7 |     8 |    35 ||    50
         Punch             |     2 |       |    12 ||    14
    Use: Scroll            |       |     6 |       ||     6
   Stab: Sleeping          |     4 |     3 |    10 ||    17
         Distracted        |       |       |     1 ||     1
 Armour: Skin              |    26 |    13 |    71 ||   110
  Dodge: Dodged            |    53 |    19 |    91 ||   163

Table legend: (Time is in decaauts)
 A = Elapsed time spent in this place.
 B = Non-inter-level travel time spent in this place.
 C = Inter-level travel time spent in this place.
 D = Time resting spent in this place.
 E = Time spent auto-exploring this place.
 F = Levels seen in this place.
 G = Mean time per level.
                   A        B        C        D        E       F      G
               +--------+--------+--------+--------+--------+-----+--------+
         Total |   4469 |   4218 |    251 |      0 |   3450 |   8 |  558.6 |
       Dungeon |   4191 |   3940 |    251 |      0 |   3273 |   6 |  698.5 |
        Temple |     15 |     15 |      0 |      0 |      0 |   1 |   15.0 |
       Ossuary |    261 |    261 |      0 |      0 |    177 |   1 |  261.0 |
               +--------+--------+--------+--------+--------+-----+--------+

Top non-repeatable levels by time:
     D:5: 1021 daAuts
     D:3: 957 daAuts
     D:4: 849 daAuts
     D:6: 474 daAuts
     D:1: 460 daAuts
     D:2: 428 daAuts
 Ossuary: 261 daAuts
  Temple: 15 daAuts
